Map: Zen LE

Players

Ragnarok (SHIN) - Winner!

  • Race: Zerg Zerg
  • League: Grandmaster
  • Spawn Location: 7:00

lllllllllll (sOs)

  • Race: Protoss Protoss
  • League: Grandmaster
  • Spawn Location: 1:00

VOD

Have the link to the VOD?

Description

Time

  • Played on: Jan. 16, 2020, 4:16 a.m.
  • Length: 10:09
Show
View Real Time Build Order
Export as new Build Order

Ragnarok Zerg - Winner!

Build Orders: Hatch First 

Get SALT Encoding   

  12  0:00  Drone  
  13  0:09  Drone  
  14  0:17  Overlord  
  14  0:35  Drone x2  
  16  0:48  Drone  
  17  0:54  Hatchery  
  17  0:55  Drone  
  17  0:59  Drone  
  18  1:09  Extractor  
  17  1:15  Spawning Pool  
  17  1:18  Drone  
  17  1:21  Drone  
  18  1:30  Drone  
  19  1:41  Drone  
  20  1:52  Overlord  
  20  2:02  Zergling x2  
  20  2:05  Queen  
  20  2:06  Queen  
  20  2:07  Zergling x2  
  26  2:10  Metabolic Boost  
  26  2:17  Zergling x2  
  26  2:20  Zergling x2  
  27  2:39  Drone x2  
  27  2:41  Drone  
  30  2:48  Hatchery  
  29  2:51  Queen  
  29  2:55  Drone  
  32  3:00  Overlord  
  32  3:05  Drone x2  
  34  3:07  Zergling x2  
  34  3:10  Zergling x2  
  37  3:20  Drone x4  
  37  3:22  Drone  
  41  3:27  Overlord  
  41  3:29  Drone  
  42  3:36  Drone  
  42  3:38  Drone  
  41  3:45  Drone x3  
  41  3:48  Drone  
  44  3:58  Overlord  
  44  4:01  Drone x4  
  48  4:03  Queen  
  49  4:11  Drone x2  
  49  4:12  Overlord  
  49  4:14  Drone  
  52  4:17  Roach Warren  
  52  4:22  Drone  
  52  4:24  Drone x2  
  51  4:31  Drone x2  
  51  4:35  Spore Crawler, Drone  
  54  4:38  Drone  
  54  4:40  Drone  
  54  4:43  Drone  
  54  4:44  Drone x2  
  54  4:45  Extractor  
  58  4:48  Drone x2  
  60  4:53  Extractor  
  60  4:54  Overlord  
  60  4:55  Overlord  
  60  4:58  Overlord  
  59  5:02  Roach x2  
  63  5:07  Roach  
  63  5:11  Overlord  
  63  5:12  Overlord  
  63  5:13  Roach  
  63  5:14  Roach  
  69  5:17  Roach  
  69  5:18  Roach  
  73  5:22  Lair  
  73  5:27  Roach x2  
  77  5:30  Zergling x8  
  81  5:36  Extractor  
  81  5:42  Overlord  
  80  5:49  Zergling x18  
  91  5:50  Zergling x4  
  91  5:54  Overlord  
  91  6:03  Zergling x12  
  90  6:22  Ravager x6  
  95  6:25  Zergling x6  
  95  6:26  Zergling x12  
  95  6:28  Zergling x2  
  95  6:29  Zergling x4  
  107  6:35  Ravager  
  106  6:41  Zergling x6  
  106  6:45  Zergling x6  
  100  6:49  Zergling x4  
  100  6:53  Zergling x8  
  97  6:58  Ravager x2  
  90  7:02  Zergling x6  
  90  7:05  Zergling x4  
  83  7:16  Zergling x2  
  83  7:17  Zergling x4  
  83  7:18  Zergling x2  
  83  7:20  Zergling x2  
  83  7:21  Zergling x2  
  83  7:24  Zergling x2  
  83  7:26  Zergling x4  
  78  7:35  Zergling x2  
  78  7:38  Zergling x4  
  76  7:46  Zergling x12  
  76  7:48  Zergling x2  
  85  7:51  Zergling x2  
  85  7:52  Zergling x6  
  85  7:54  Zergling x2  
  82  7:59  Zergling x2  
  82  8:00  Zergling x2  
  81  8:06  Spire  
  81  8:08  Drone, Overlord  
  81  8:10  Drone  
  81  8:12  Drone  
  81  8:15  Drone  
  81  8:16  Drone x2  
  81  8:18  Zergling x2  
  81  8:19  Zergling x2  
  81  8:20  Drone x2  
  81  8:21  Drone  
  81  8:22  Drone x3  
  81  8:24  Zergling x2  
  76  8:57  Drone x3  
  79  9:03  Drone x2  
  79  9:04  Extractor  
  79  9:07  Extractor  
  79  9:17  Mutalisk x11  
  102  9:24  Drone x7  
  102  9:28  Mutalisk  
  102  9:30  Overlord  
  110  9:32  Zergling x4  
  110  9:34  Zergling x2  
  110  9:36  Zergling x2  
  114  9:44  Overlord x3  
Show
View Real Time Build Order
Export as new Build Order

lllllllllll Protoss 

Build Orders: 1 Gate Expand 

Get SALT Encoding   

  12  0:00  Probe  
  13  0:12  Probe  
  14  0:19  Pylon  
  14  0:24  Probe (Chrono Boost)  
  15  0:38  Probe (Chrono Boost)  
  15  0:39  Gateway  
  16  0:46  Probe (Chrono Boost)  
  16  0:49  Assimilator  
  17  0:53  Probe  
  18  1:05  Probe  
  19  1:17  Probe  
  20  1:26  Cybernetics Core  
  20  1:36  Nexus  
  20  1:42  Pylon  
  20  1:45  Probe  
  21  1:57  Probe, Assimilator  
  21  2:00  Adept (Chrono Boost)  
  22  2:03  Warp Gate  
  24  2:09  Probe  
  25  2:22  Probe  
  26  2:23  Adept  
  28  2:34  Probe  
  29  2:39  Gateway  
  29  2:43  Gateway  
  29  2:46  Probe (Chrono Boost)  
  29  2:47  Probe (Chrono Boost)  
  31  2:58  Probe (Chrono Boost)  
  34  3:00  Probe (Chrono Boost)  
  34  3:03  Probe (Chrono Boost)  
  36  3:09  Probe  
  36  3:11  Stalker  
  37  3:14  Probe  
  37  3:15  Pylon  
  39  3:27  Probe x2  
  39  3:28  Robotics Facility  
  40  3:39  Probe x2  
  38  3:51  Probe x2 (Chrono Boost), Adept x2  
  38  3:52  Adept  
  38  3:55  Assimilator  
  46  3:58  Pylon  
  46  4:03  Probe x2 (Chrono Boost), Assimilator  
  48  4:11  Probe x2 (Chrono Boost)  
  48  4:14  Warp Prism  
  52  4:18  Sentry x3  
  58  4:26  Probe  
  55  4:40  Probe x2  
  55  4:42  Sentry x2  
  55  4:44  Nexus  
  55  4:45  Pylon  
  61  5:00  Immortal (Chrono Boost)  
  61  5:03  Probe x2  
  61  5:05  Pylon  
  67  5:12  Adept  
  69  5:16  Probe  
  70  5:23  Probe  
  70  5:25  Pylon  
  71  5:29  Probe  
  71  5:31  Immortal (Chrono Boost)  
  71  5:35  Gateway  
  76  5:37  Gateway  
  76  5:39  Gateway  
  76  5:41  Gateway  
  76  5:43  Gateway  
  76  5:46  Sentry x2  
  76  5:47  Sentry  
  76  5:48  Probe  
  83  6:06  Immortal (Chrono Boost)  
  85  6:19  Shield Battery  
  85  6:20  Stalker x3  
  89  6:31  Adept x2  
  94  6:32  Probe  
  94  6:33  Probe x2  
  94  6:35  Adept  
  94  6:39  Adept  
  100  6:44  Adept x2  
  100  6:45  Adept x2  
  88  6:52  Adept x2  
  92  6:57  Adept  
  92  6:59  Immortal (Chrono Boost)  
  82  7:05  Zealot x4  
  82  7:08  Zealot  
  84  7:14  Zealot x2  
  79  7:19  Zealot  
  75  7:23  Pylon  
  75  7:29  Zealot x4  
  75  7:33  Pylon  
  75  7:35  Zealot  
  71  7:37  Zealot  
  66  7:47  Zealot  
  61  7:52  Zealot x2  
  61  7:57  Zealot x2  
  61  8:02  Pylon  
  55  8:08  Zealot  
  55  8:11  Pylon  
  53  8:13  Probe  
  53  8:16  Pylon, Zealot  
  56  8:21  Zealot x2  
  53  8:28  Immortal (Chrono Boost)  
  53  8:30  Sentry  
  57  8:36  Sentry x3  
  63  8:46  Sentry x2  
  66  8:52  Pylon  
  66  8:57  Sentry  
  66  9:01  Sentry x3  
  74  9:06  Pylon  
  74  9:17  Pylon, Observer  
  74  9:23  Adept x3  
  81  9:24  Adept x3  
  87  9:41  Adept x4  
  87  9:44  Adept  
Tags
 
Add a new tag
Caveats
  • Supply blocks, unpowered buildings, or Contaminate may cause inaccurate times.
  • Supply counts are checked every 10 seconds.